 Dungeon Crawl Stone Soup version 0.26.1-11-gd32895ea62 (webtiles) character file.

Game seed: 9853007774714438495

49336 dtburroughs the Fighter (level 14, -10/130 HPs)
             Began as a Minotaur Berserker on July 7, 2021.
             Was an Elder of Trog.
             Splashed by an oklob plant's acid (11 damage)
             ... on level 6 of the Lair of Beasts on July 8, 2021.
             The game lasted 00:40:01 (27913 turns).

dtburroughs the Fighter (Minotaur Berserker)       Turns: 27913, Time: 00:40:01

Health: -10/130    AC:  4    Str: 23    XL:     14   Next: 15%
Magic:  13/13      EV: 12    Int:  7    God:    Trog [****..]
Gold:   1339       SH:  0    Dex: 11    Spells: 13/13 levels left

rFire    . . .     SeeInvis .   A - +3 executioner's axe
rCold    . . .     Faith    .   (shield currently unavailable)
rNeg     . . .     Spirit   .   c - +0 plate armour
rPois    +         Reflect  .   (helmet restricted)
rElec    .         Harm     .   v - +0 cloak
rCorr    .         Rampage  .   m - +0 pair of gloves
Will     +....                  p - +0 pair of boots
Stlth    ..........             (no amulet)
HPRegen  0.31/turn              d - ring of poison resistance
MPRegen  0.13/turn              (no ring)

@: corroded
A: retaliatory headbutt, horns 2
a: Renounce Religion, Berserk, Trog's Hand, Brothers in Arms


You were on level 6 of the Lair of Beasts.
You worshipped Trog.
Trog was greatly pleased with you.
You visited 2 branches of the dungeon, and saw 18 of its levels.
You also visited: Ossuary.

You collected 1339 gold pieces.

Inventory:

Hand Weapons
 g - a +1 battleaxe
 k - a +0 vampiric war axe
 o - a +2 hand axe of venom
 s - a +3 broad axe
 t - the +3 mace of Sooruj {speed, Dex+3}
   (You found it on level 4 of the Dungeon)

   Attacks with this weapon are significantly faster.
   It affects your dexterity (+3).
 A - a +3 executioner's axe (weapon)
Armour
 c - a +0 plate armour (worn)
 m - a +0 pair of gloves (worn)
 p - a +0 pair of boots (worn)
 v - a +0 cloak (worn)
 D - a +1 chain mail of cold resistance
 M - a +0 kite shield
Jewellery
 d - a ring of poison resistance (left hand)
 C - an uncursed ring of willpower {unknown}
Wands
 a - a wand of enslavement (10)
 H - a wand of acid (1)
 L - a wand of random effects (54)
 N - a wand of paralysis (11)
Scrolls
 e - 8 scrolls of teleportation
 j - 7 scrolls of remove curse
 l - 4 scrolls of blinking
 q - 4 scrolls of immolation
 w - 8 scrolls of identify
 y - 4 scrolls of magic mapping
 B - 2 scrolls of noise
 G - 2 scrolls of summoning {unknown}
 K - 7 scrolls of fear
 P - a scroll of enchant armour {unknown}
Potions
 b - 7 potions of attraction
 f - 2 potions of brilliance {unknown}
 h - a potion of heal wounds
 i - 14 potions of curing
 n - 3 potions of lignification {unknown}
 r - 3 potions of might {unknown}
 x - 3 potions of mutation {unknown}
 z - 2 potions of haste {unknown}
 E - 2 potions of degeneration {unknown}
 F - 3 potions of flight {unknown}
 I - 2 potions of berserk rage {unknown}
 J - a potion of magic {unknown}
 O - 2 potions of cancellation {unknown}


   Skills:
 + Level 13.8 Fighting
 + Level 13.7 Axes
 + Level 13.5 Armour
 + Level 12.5 Dodging
 + Level 7.4 Shields
 + Level 7.3 Evocations


You had 13 spell levels left.
You didn't know any spells.
Your spell library was empty.

Dungeon Overview and Level Annotations

Branches:
Dungeon (12/15)            Temple (0/1) D:6            Lair (6/6) D:10
  Swamp (0/4) Lair:4       Spider (0/4) Lair:2        Slime (0/5) Lair:5
    Orc (0/2) D:11        Ossuary (visited)

Altars:
Dithmenos
Fedhas
Gozag
Hepliaklqana
Kikubaaqudgha
Makhleb
Qazlal
Uskayaw
Wu Jian
Xom
Yredelemnul
Jiyva

Shops:
D:4 ?   D:11 *

Annotations:
D:6 2 runed translucent doors, Uzeprotekshun's ghost, novice OpWz
D:7 3 runed translucent doors, Alvadar's ghost, novice DEFE
Lair:6 exclusion: 3 oklob plants


Innate Abilities, Weirdness & Mutations

You reflexively headbutt those who attack you in melee.
You have a pair of horns on your head.


Message History

Aim: an oklob plant (severely damaged, confused)
The puff of flame hits the oklob plant!
The oklob plant is almost destroyed.
The oklob plant spits acid at you. The splash of acid hits you!
You are splashed with acid!
* * * LOW HITPOINT WARNING * * *
Aiming: Random Effects
Press: ? - help, Shift-Dir - straight line, f/p - oklob plant
Aim: an oklob plant (almost destroyed, confused) Nothing appears to happen.
The oklob plant spits acid at you. The splash of acid hits you!
* * * LOW HITPOINT WARNING * * *
The acid corrodes you!
You are splashed with acid!
* * * LOW HITPOINT WARNING * * *
The oklob plant spits acid at you. The splash of acid hits you!
* * * LOW HITPOINT WARNING * * *
The acid corrodes you!
You are splashed with acid!
You die...

.............#..........####.##
#
...#......#.<..........#.#####
# ######..###...............##
# # #####...............#.# ##
####..................# #.
#.....................# ####
#.....................###.##
#.....................#.#....
#...........@......P...#.....
##....#.....#......#.##......
#....#..)..#..P............#
#.)###$.)[?#..............##
### #$P$..#.....P.##.....##
#.P)..#..##..####......
#?.P$.#..#.### ##....#
#########.## #....# ### #.####


You could see 3 oklob plants.

Vanquished Creatures
  A dire elephant (Lair:6)
  6 hydras
  Erica (D:8)
  2 two-headed ogres
  3 death yaks (Lair:3)
  2 unseen horrors
  A lindwurm (Lair:2)
  An oklob plant (Lair:6)
  An ugly thing (D:10)
  A manticore (D:12)
  16 elephants
  6 black mambas
  5 cane toads
  A centaur skeleton (D:11)
  2 rime drakes
  7 komodo dragons
  A troll (D:12)
  A hornet (Lair:4)
  A polar bear (Lair:4)
  4 blink frogs (Lair:3)
  A meliai zombie (D:12)
  4 shadows
  2 redbacks (Lair:2)
  3 wyverns
  Eustachio (D:4)
  65 yaks
  3 fire bats (Lair:4)
  Menkaure (D:4)
  A two-headed ogre zombie (D:11)
  An acid dragon (D:11)
  12 water moccasins
  A black bear (Lair:5)
  4 sky beasts
  3 orc warriors (D:6)
  3 ice beasts
  3 necrophages
  4 phantoms
  8 ogres
  14 wolves
  2 centaurs
  3 big kobolds
  Blork the orc (D:6)
  15 bullfrogs
  2 gnoll sergeants
  5 scorpions
  2 troll zombies (D:11)
  17 killer bees
  A howler monkey (D:11)
  2 centaur zombies
  2 bullfrog zombies
  4 hounds
  2 quasits
  Crazy Yiuf (D:4)
  3 orc priests
  5 jellies
  13 orc wizards
  A bullfrog skeleton (D:5)
  6 iguanas
  12 worker ants
  A killer bee zombie (D:10)
  5 ogre zombies (D:11)
  A hound skeleton (D:4)
  3 hound zombies
  9 mummies
  Robin (D:2)
  11 gnolls
  14 adders
  A shadow imp (D:6)
  2 white imps
  5 oozes (D:8)
  2 adder skeletons
  2 worms
  2 dart slugs (D:1)
  2 leopard geckos
  41 orcs
  5 giant cockroaches
  A gnoll zombie (Ossuary)
  8 hobgoblins
  21 jackals
  12 kobolds
  3 quokkas
  A ball python skeleton (D:4)
  6 bats
  3 frilled lizards
  17 goblins
  2 goblin zombies (D:11)
  A hobgoblin skeleton (D:11)
  5 hobgoblin zombies
  2 jackal zombies
  2 kobold zombies
  A leopard gecko skeleton (D:5)
  5 orc skeletons (D:11)
  19 orc zombies
  6 rats
  A bush (Lair:4)
519 creatures vanquished.

Vanquished Creatures (collateral kills)
  5 dire elephants (Lair:6)
  An anaconda (Lair:6)
  An unseen horror (D:11)
  A torpor snail (Lair:5)
  A polar bear (Lair:5)
  A yak (Lair:5)
10 creatures vanquished.

Vanquished Creatures (others)
  23 fungi
  45 plants
68 creatures vanquished.

Grand Total: 597 creatures vanquished

Notes
Turn   | Place    | Note
-------+----------+-------------------------------------------
     0 | D:1      | dtburroughs the Minotaur Berserker began the quest for the
                  | Orb.
     0 | D:1      | Reached XP level 1. HP: 19/19 MP: 0/0
   187 | D:1      | Reached XP level 2. HP: 27/27 MP: 1/1
   500 | D:1      | Reached ** piety under Trog
  1219 | D:3      | Reached XP level 3. HP: 33/33 MP: 2/2
  1436 | D:2      | Noticed Robin
  1441 | D:2      | Reached XP level 4. HP: 36/40 MP: 3/3
  1445 | D:2      | Killed Robin
  1928 | D:3      | Found a burning altar of Makhleb.
  2611 | D:3      | Found a hazy altar of Hepliaklqana.
  2879 | D:4      | Noticed an ogre
  2887 | D:4      | Killed an ogre
  2888 | D:4      | Reached XP level 5. HP: 19/47 MP: 4/4
  3187 | D:4      | Noticed a necrophage
  3197 | D:4      | Killed a necrophage
  3198 | D:4      | Reached skill level 5 in Fighting
  3198 | D:4      | Reached skill level 5 in Axes
  3198 | D:4      | Reached XP level 6. HP: 52/56 MP: 5/5
  3272 | D:4      | Noticed Menkaure
  3281 | D:4      | Killed Menkaure
  3310 | D:4      | Found Koafi's Magic Scroll Shoppe.
  3318 | D:4      | Reached *** piety under Trog
  3594 | D:4      | Found a stormy altar of Qazlal.
  3613 | D:4      | Reached XP level 7. HP: 62/62 MP: 6/6
  3614 | D:4      | Noticed Eustachio
  3640 | D:4      | Killed Eustachio
  3641 | D:4      | Reached skill level 5 in Armour
  3773 | D:4      | Got a transparent mace
  3778 | D:4      | Found a runed translucent door.
  3779 | D:4      | Noticed Crazy Yiuf
  3782 | D:4      | Identified the cursed +3 mace of Sooruj {speed, Dex+3} (You
                  | found it on level 4 of the Dungeon)
  3790 | D:4      | Killed Crazy Yiuf
  4001 | D:4      | Reached skill level 5 in Dodging
  4418 | D:5      | Entered Level 5 of the Dungeon
  4540 | D:5      | Found a sand-covered staircase.
  4552 | Ossuary  | Entered an ossuary
  4602 | Ossuary  | Reached **** piety under Trog
  4625 | Ossuary  | Reached XP level 8. HP: 44/71 MP: 7/7
  5558 | D:6      | Noticed Blork the orc
  5568 | D:6      | Killed Blork the orc
  5787 | D:6      | Found a staircase to the Ecumenical Temple.
  5876 | D:6      | Found an opulent altar of Gozag.
  6234 | D:6      | Found a runed translucent door.
  6236 | D:6      | Noticed Uzeprotekshun's ghost (novice OpWz)
  6273 | D:6      | Found a runed translucent door.
  6693 | D:6      | Reached XP level 9. HP: 77/81 MP: 8/8
  7096 | D:6      | Found a blossoming altar of Fedhas.
  7586 | D:7      | Found a runed translucent gate.
  7996 | D:7      | Reached ***** piety under Trog
  8197 | D:7      | Found a runed translucent gate.
  8260 | D:7      | Found a basalt altar of Yredelemnul.
  8356 | D:7      | Found a faded altar of an unknown god.
  8356 | D:7      | Found an ancient bone altar of Kikubaaqudgha.
  8364 | D:7      | Found an ornate altar of the Wu Jian Council.
  8366 | D:7      | Found a faded altar of an unknown god.
  8368 | D:7      | Found a hide-covered altar of Uskayaw.
  8688 | D:7      | Found a runed translucent gate.
  8690 | D:7      | Noticed Alvadar's ghost (novice DEFE)
  8947 | D:8      | Noticed Erica
  9118 | D:8      | Reached XP level 10. HP: 88/91 MP: 9/9
  9213 | D:8      | Killed Erica
 10157 | D:9      | Reached skill level 10 in Fighting
 10161 | D:9      | Reached skill level 10 in Axes
 10479 | D:9      | Found an opulent altar of Gozag.
 10698 | D:9      | Found a shadowy altar of Dithmenos.
 10823 | D:9      | Reached skill level 10 in Armour
 11201 | D:10     | Entered Level 10 of the Dungeon
 11201 | D:10     | Found a basalt altar of Yredelemnul.
 11292 | D:10     | Received a gift from Trog
 11375 | D:10     | Noticed a white ugly thing
 11387 | D:10     | Killed a white ugly thing
 11388 | D:10     | Reached skill level 1 in Evocations
 11536 | D:10     | Reached XP level 11. HP: 86/101 MP: 10/10
 11641 | D:10     | Noticed a two-headed ogre
 11648 | D:10     | Killed a two-headed ogre
 12135 | D:10     | Found a staircase to the Lair.
 12174 | D:10     | Killed an unseen horror
 12710 | D:11     | Found Roozxet's Assorted Antiques.
 12796 | D:11     | Reached skill level 10 in Dodging
 12811 | D:11     | Found a staircase to the Orcish Mines.
 13727 | D:11     | Killed an unseen horror
 13741 | D:11     | Killed an unseen horror
 14248 | D:11     | You fall into a shaft and drop 1 floor!
 14401 | D:12     | Noticed a two-headed ogre
 14891 | D:11     | Noticed a two-headed ogre
 14901 | D:11     | Killed a two-headed ogre
 16096 | Lair:1   | Entered Level 1 of the Lair of Beasts
 16101 | Lair:1   | Reached XP level 12. HP: 110/112 MP: 11/11
 16627 | Lair:1   | Noticed a five-headed hydra
 16640 | Lair:1   | Killed a five-headed hydra
 17073 | Lair:1   | Reached skill level 1 in Shields
 17586 | Lair:2   | Noticed an eight-headed hydra
 17610 | Lair:2   | Killed an eight-headed hydra
 17611 | Lair:2   | Reached skill level 5 in Evocations
 17850 | Lair:2   | Found a hole to the Spider Nest.
 17876 | Lair:2   | Noticed a five-headed hydra
 17891 | Lair:2   | Killed a five-headed hydra
 19210 | Lair:3   | Noticed a death yak
 19228 | Lair:3   | Killed a death yak
 19344 | Lair:3   | Noticed a death yak
 19371 | Lair:3   | Killed a death yak
 19371 | Lair:3   | Received a gift from Trog
 19406 | Lair:3   | You fall into a shaft and drop 2 floors!
 19669 | Lair:5   | Noticed a six-headed hydra
 19682 | Lair:5   | Killed a six-headed hydra
 19683 | Lair:5   | Reached XP level 13. HP: 43/119 MP: 12/12
 20572 | Lair:3   | Reached skill level 5 in Shields
 20980 | Lair:3   | Found a shimmering altar of Xom.
 22156 | Lair:4   | Found a staircase to the Swamp.
 23697 | Lair:5   | You fall into a shaft and drop 1 floor!
 23697 | Lair:6   | Entered Level 6 of the Lair of Beasts
 23877 | Lair:5   | Found a staircase to the Slime Pits.
 23878 | Lair:5   | Found a viscous altar of Jiyva.
 25552 | Lair:6   | Reached XP level 14. HP: 59/129 MP: 13/13
 27913 | Lair:6   | HP: 1/130 [oklob plant/splash of acid (8)]
 27913 | Lair:6   | Splashed by an oklob plant's acid

Illustrated notes

Levels and vault maps discovered:
D:1:      minmay_arrival_wavy_path, layout_loops_corners
D:2:      minmay_general_purpose_star, layout_rooms, uniq_robin
D:3:      layout_basic, lemuel_crystal_altar, general_overflow_altar
D:4:      minmay_inner_zag, layout_loops_ring, kennysheep_mini,
          kennysheep_small_square, uniq_eustachio, uniq_menkaure,
          uniq_crazy_yiuf_cottage
D:5:      layout_loops_ring, nicolae_ossuary_entry_giza
D:6:      minmay_razor_zed, layout_loops_ring, marbit_many_paths,
          minmay_temple_entry_sparse_star, ebering_ghost_sewer_f,
          grunt_gozag_statues, uniq_blork_the_orc
D:7:      layout_loops_ring, chequers_temple_overflow_minitemple,
          ebering_ghost_rock_garden, serial_glass, glass_columns_b,
          glass_columns_a, minmay_misc_feat_doors, yredelemnul_altar_generic
D:8:      layout_rooms, hangedman_little_slice_of_home, uniq_erica
D:9:      layout_loops_ring, lemuel_crystal_altar, kennysheep_mini_moat,
          corexii_corridor_pit
D:10:     layout_irregular_city, lair_entry_dummy, basic_altar, minivault_5
D:11:     layout_grid_maze, zombieorc2_lemuel, serial_shops,
          nicolae_shop_overgrown_old_shop
D:12:     lemuel_flame_loot_2, layout_basic, uniq_rupert, uniq_nergalle
Lair:1:   layout_gridlike
Lair:2:   layout_layer_cave, spider_nest_entry_webs
Lair:3:   layout_chaotic_city, amcnicky_altar_gilded, serial_bayou_shore_b
Lair:4:   layout_cave_pods, minmay_swamp_entry_reptiles,
          nicolae_volcano_entry_batcave
Lair:5:   layout_small_grid, slime_altar_1, st_stairs_8,
          chequers_serial_rivers_small_3
Lair:6:   due_jungle_book, layout_cave_pods, minmay_lair_oklob_chamber,
          grunt_megastairs_3

Skill      XL: |  1  2  3  4  5  6  7  8  9 10 11 12 13 |
---------------+----------------------------------------+-----
Axes           | 4 5 6 8 9 10 11 12 13 | 13.7
Fighting       | 4 5 6 8 9 10 11 12 13 | 13.8
Armour         | 3 4 5 7 8 10 11 12 13 | 13.5
Dodging        | 3 4 5 6 8 9 10 11 12 | 12.5
Evocations     | 1 4 5 7 |  7.3
Shields        | 4 7 |  7.4

Action                   |  1- 3 |  4- 6 |  7- 9 | 10-12 | 13-15 || total
-------------------------+-------+-------+-------+-------+-------++-------
Melee: Hand axe          |    83 |    72 |    14 |       |       ||   169
       Headbutt          |    13 |    13 |   101 |   129 |    69 ||   325
       War axe           |       |    26 |   173 |   188 |       ||   387
       Mace              |       |       |   264 |    34 |    14 ||   312
       Battleaxe         |       |       |       |   301 |       ||   301
       Broad axe         |       |       |       |   107 |       ||   107
       Executioner's axe |       |       |       |    22 |   286 ||   308
Invok: Trog's Hand       |       |     1 |     3 |     8 |     5 ||    17
       Berserk           |       |       |       |     2 |     1 ||     3
       Brothers in Arms  |       |       |       |     2 |     4 ||     6
Evoke: Wand              |       |       |       |     8 |    29 ||    37
  Use: Scroll            |       |       |    12 |     5 |       ||    17
       Potion            |       |       |       |     1 |     4 ||     5
 Stab: Distracted        |       |       |       |       |     1 ||     1
Armor: Plate armour      |    62 |    81 |   255 |   480 |   320 ||  1198
Dodge: Dodged            |    54 |    49 |   206 |   385 |   296 ||   990
Block: Kite shield       |       |       |       |    77 |       ||    77
